 Dungeon Crawl Stone Soup version 0.26-a0-597-gb535b0901c (webtiles) character file.

Game seed: 4125620340195230226

59 Lanoc the Sneak (level 3, -3/43 HPs)
             Began as a Vampire Delver on Sept 6, 2020.
             Was an Initiate of Ashenzari.
             Slain by a lemure (5 damage)
             ... led by Pikel
             ... on level 4 of the Dungeon.
             The game lasted 00:00:47 (146 turns).

Lanoc the Sneak (Vampire Delver)                     Turns: 146, Time: 00:00:47

Health: -3/43      AC: 21    Str: 11    XL:     3   Next: 78%
Magic:  3/3        EV:  2    Int: 12    God:    Ashenzari [......]
Gold:   0          SH:  0    Dex: 16    Spells: 2/2 levels left

rFire    . . .     SeeInvis +   a - +0 falchion
rCold    . . .     Faith    .   (no shield)
rNeg     + + +     Spirit   .   (armour currently unavailable)
rPois    +         Reflect  .   (helmet currently unavailable)
rElec    .         Harm     .   (cloak currently unavailable)
rCorr    .         NoTele   +   (gloves currently unavailable)
MR       .....                  (boots currently unavailable)
Stlth    ++++......             (no amulet)
HPRegen  0.34/turn              (no ring)
MPRegen  0.08/turn              (no ring)

@: tree-form, regenerating quickly, hasted, very quick
A: see invisible
a: Exsanguinate, Curse Item, Renounce Religion


You were on level 4 of the Dungeon.
You worshipped Ashenzari.
Ashenzari was noncommittal.
You were a tree.
You visited 1 branch of the dungeon, and saw 2 of its levels.

Inventory:

Hand Weapons
 a - a +0 falchion (weapon)
Armour
 b - a +0 leather armour (melded)
Wands
 g - a wand of digging (3)
Scrolls
 c - a scroll of fog
 d - a scroll of magic mapping
 h - a scroll of remove curse
Potions
 f - a potion of haste


   Skills:
 + Level 3.6 Fighting
 - Level 2.0 Long Blades
 + Level 3.6 Dodging
 - Level 7.2 Stealth


You had 2 spell levels left.
You didn't know any spells.
Your spell library was empty.

Dungeon Overview and Level Annotations

Branches:
Dungeon (5/15)
 Temple: D:4-7

Altars:
Ashenzari

Annotations:
D:4 Pikel


Innate Abilities, Weirdness & Mutations

Your natural rate of healing is unusually fast.
((You have razor-sharp teeth.))
You have supernaturally acute eyesight. (SInv)
((You can survive without breathing.))


Message History

You barely miss the lemure.
The lemure is lightly wounded.
The lemure hits you but does no damage. The lemure hits you.
* * * LOW HITPOINT WARNING * * *
The lemure hits you but does no damage. x2
You barely miss the lemure.
The lemure is lightly wounded.
The lemure hits you but does no damage. The lemure hits you.
* * * LOW HITPOINT WARNING * * *
The lemure completely misses you. The lemure hits you but does no damage.
You closely miss the lemure.
The lemure is lightly wounded.
The lemure hits you but does no damage. x3
You closely miss the lemure.
The lemure is lightly wounded.
The lemure hits you but does no damage. x2
You barely miss the lemure.
The lemure is lightly wounded.
The lemure hits you but does no damage. x2; The lemure hits you.
You die...

############
#.......>..######
#.########......#
########.5....#
...K..)..5♣...#
.?..####.55.......
# #......####
#.###### #.# #.#
#.# #.#


You could see Pikel (fleeing) and 4 lemures.

Vanquished Creatures
  An orc wizard (D:4)
  A centaur skeleton (D:4)
  2 orcs (D:4)
4 creatures vanquished.

Notes
Turn   | Place    | Note
-------+----------+-------------------------------------------
     0 | D:5      | Lanoc the Vampire Delver began the quest for the Orb.
     0 | D:5      | Reached XP level 1. HP: 17/17 MP: 1/1
    32 | D:5      | Found a shattered altar of Ashenzari.
    38 | D:5      | Became a worshipper of Ashenzari the Shackled
    42 | D:5      | Noticed a jelly
    47 | D:4      | Noticed an orc wizard
    54 | D:4      | Reached XP level 2. HP: 10/24 MP: 2/2
   105 | D:4      | Noticed a lemure
   106 | D:4      | Noticed a lemure
   110 | D:4      | Reached XP level 3. HP: 29/29 MP: 3/3
   113 | D:4      | Noticed a lemure
   114 | D:4      | Noticed Pikel
   116 | D:4      | Noticed a lemure
   143 | D:4      | HP: 1/43 [lemure[Pikel] (2)]
   146 | D:4      | Slain by a lemure

Illustrated notes

Levels and vault maps discovered:
D:4:      layout_loops_ring, uniq_pikel
D:5:      layout_basic, ashenzari_altar_1, kennysheep_mini_moat,
          kennysheep_generic_room_11

Skill      XL: |  1 |
---------------+----+-----
Fighting       | 3 |  3.6
Dodging        | 3 |  3.6
Long Blades    | |  2.0
Stealth        | |  7.2

Action                   || total
-------------------------++-------
Melee: Falchion          ||    36
       Bite              ||     2
  Use: Potion            ||     2
       Scroll            ||     1
Armor: Leather armour    ||     1
       Skin              ||    31
Dodge: Dodged            ||    12
       Rpst.: Falchion   ||     6

Table legend: (Time is in decaauts)
 A = Elapsed time spent in this place.
 B = Non-inter-level travel time spent in this place.
 C = Inter-level travel time spent in this place.
 D = Time resting spent in this place.
 E = Time spent auto-exploring this place.
 F = Levels seen in this place.
 G = Mean time per level.
                   A        B        C        D        E       F      G
               +--------+--------+--------+--------+--------+-----+--------+
         Total |    143 |    143 |      0 |     47 |     32 |   2 |   71.5 |
       Dungeon |    143 |    143 |      0 |     47 |     32 |   2 |   71.5 |
               +--------+--------+--------+--------+--------+-----+--------+

Top non-repeatable levels by time:
     D:4: 99 daAuts
     D:5: 44 daAuts
